 Dungeon Crawl Stone Soup version 0.29-a0-486-ga88943ba61 (webtiles) character file.

Game seed: 16899386870026908646

4027 Colgate the Fighter (level 10, -9/73 HPs)
             Began as a Kobold Brigand on May 26, 2022.
             Was a Believer of Ashenzari.
             Mangled by a skeletal warrior
             ... wielding a +2 vorpal mace
              (12 damage)
             ... on level 7 of the Dungeon.
             The game lasted 00:19:02 (8406 turns).

Colgate the Fighter (Kobold Brigand)                Turns: 8406, Time: 00:19:02

Health: -9/73      AC:  9    Str: 15    XL:     10   Next: 47%
Magic:  10/10      EV: 17    Int: 15    God:    Ashenzari [**....]
Gold:   403        SH:  0    Dex: 24    Spells: 9/9 levels left

rFire   . . .      SeeInvis +   a - +2 dagger
rCold   + . .      Faith    .   p - orb {*Rage}
rNeg    . . .      Spirit   .   h - +1 ring mail {rC+}
rPois   .          Reflect  .   (no helmet)
rElec   .          Harm     .   c - +0 cloak "Enigmatic Vision" {Elem, Alch} (curse)
rCorr   .          Rampage  .   (no gloves)
Will    .....      Rage     20% i - +1 pair of boots of Toth-Mos's Legacy {Elem, Alch} (curse)
Stlth   +++++.....              (no amulet)
HPRegen 0.22/turn               x - ring of Ashenzari's Oracle {Dex+6, Alch, Self} (curse)
MPRegen 0.12/turn               G - ring of the Chained Negation {Str+6, Range, Evo} (curse)

@: on berserk cooldown, slowed, very slow
A: small, no large weapons, nightstalker 3
a: Renounce Religion, Shatter the Chains


You were on level 7 of the Dungeon.
You worshipped Ashenzari.
Ashenzari was pleased with you.
You visited 1 branch of the dungeon, and saw 7 of its levels.

You collected 403 gold pieces.

Inventory:

Hand Weapons
 a - a +2 dagger (weapon)
 b - a +0 short sword of venom
 J - the +7 spear "Faonocvo" {protect, rPois Stlth+}
   (You found it on level 7 of the Dungeon)

   It grants its wielder temporary protection when it strikes (+7 to AC).
   rPois:     It protects you from poison.
   Stlth:     It makes you more stealthy.
Missiles
 d - 49 poisoned darts (quivered)
 e - 3 curare-tipped darts
Armour
 c - the cursed +0 cloak "Enigmatic Vision" (worn) {Elem, Alch}

   It has a curse which improves the following skills: Elements: Fire Magic, Ice
   Magic, Air Magic and Earth Magic.
   Alchemy:   Poison Magic and Transmutations.
 h - a +1 ring mail of cold resistance (worn)
 i - the cursed +1 pair of boots of Toth-Mos's Legacy (worn) {Elem, Alch}
   (You found it on level 1 of the Dungeon)

   It has a curse which improves the following skills: Elements: Fire Magic, Ice
   Magic, Air Magic and Earth Magic.
   Alchemy:   Poison Magic and Transmutations.
 p - an orb of wrath (worn)
 I - a +2 helmet
 K - a +0 robe
Jewellery
 x - the cursed ring of Ashenzari's Oracle (left hand) {Dex+6, Alch, Self}
   (You found it on level 3 of the Dungeon)

   [ring of dexterity]

   Dex:       It affects your dexterity (+6).
   It has a curse which improves the following skills: Alchemy: Poison Magic and
   Transmutations.
   Introspection: Fighting and Spellcasting.
 E - a ring of fire
 G - the cursed ring of the Chained Negation (right hand) {Str+6, Range, Evo}
   (You found it on level 6 of the Dungeon)

   [ring of strength]

   Str:       It affects your strength (+6).
   It has a curse which improves the following skills: Ranged Combat: Slings,
   Bows, Crossbows and Throwing.
   Evocations: Evocations.
Wands
 D - a wand of flame (20)
Scrolls
 f - a scroll of enchant armour
 j - a scroll of blinking {@r4}
 l - a scroll of poison
 n - a scroll of noise
 u - 3 scrolls of fog
 y - a scroll of enchant weapon
 A - 2 scrolls of amnesia
 B - 2 scrolls of teleportation {@r3}
 C - a scroll of immolation
 F - a scroll of magic mapping {@r5}
Potions
 g - a potion of degeneration
 k - 4 potions of curing {@q1}
 m - a potion of attraction
 o - a potion of ambrosia
 q - a potion of berserk rage
 r - 2 potions of flight
 s - 3 potions of lignification
 t - a potion of haste {@q4}
 v - a potion of mutation
 w - 3 potions of brilliance
 z - a potion of cancellation
 H - a potion of heal wounds {@q2}


   Skills:
 + Level 11.8(13.0) Fighting
 - Level 10.3 Short Blades
 - Level 2.1(3.1) Throwing
 - Level 6.1 Dodging
 - Level 7.4 Stealth


You had 9 spell levels left.
You didn't know any spells.
Your spell library contained the following spells:

 Spells                   Type           Power      Damage    Failure   Level
 Beastly Appendage        Tmut           2%         N/A       43%         1
 Wereblood                Tmut           1%         N/A       56%         2
 Spider Form              Tmut/Pois      1%         N/A       80%         3
 Ignite Poison            Fire/Tmut/Pois 0%         N/A       82%         3
 Conjure Flame            Conj/Fire      0%         6-21      83%         3
 Sticky Flame             Conj/Fire      0%         2d3       99%         4


Dungeon Overview and Level Annotations

Branches:
Dungeon (7/15)
 Temple: D:4-7

Altars:
Ashenzari
Trog
The Shining One

Annotations:
D:7 3 runed translucent doors, Zero's ghost, novice TrFi


Innate Abilities, Weirdness & Mutations

You are small and have problems with some larger weapons.
You are completely attuned to the shadows.


Message History

You barely miss the orc warrior. The orc warrior closely misses you.
Calm down first, please.
You hit the orc warrior.
Calm down first, please.
You barely miss the orc warrior. You hit the orc warrior.
The orc warrior completely misses you.
A skeletal warrior comes into view. It is wielding a +2 vorpal mace.
You barely miss the orc warrior.
You hit the orc warrior but do no damage.
You hit the orc warrior.
The orc warrior hits you with a +0 glaive!
The orc warrior misses you.
You puncture the orc warrior!
You kill the orc warrior!
The orc warrior completely misses you.
The skeletal warrior hits you with a +2 vorpal mace.
Things that are here:
a +0 glaive; a +0 chain mail You barely miss the skeletal warrior.
You hit the skeletal warrior. You puncture the skeletal warrior!
The skeletal warrior hits you with a +2 vorpal mace!
The orc warrior hits you with a +0 dire flail.
You hit the skeletal warrior. You hit the skeletal warrior.
You hit the skeletal warrior. The orc warrior barely misses you.
The skeletal warrior hits you with a +2 vorpal mace!!
You barely miss the skeletal warrior. You barely miss the skeletal warrior.
You closely miss the skeletal warrior.
The skeletal warrior hits you with a +2 vorpal mace!!
* * * LOW HITPOINT WARNING * * *
x2 The orc warrior misses you.
You hit the skeletal warrior. You hit the skeletal warrior.
You are no longer berserk.
You are exhausted.
You feel yourself slow down. The orc warrior completely misses you.
The skeletal warrior hits you with a +2 vorpal mace!
You die...

######.....####.#####
########.#.....#........#
,...............#........#
#.#####..#.##..#...####...#
#.#####..#.##....### ,#...#
#.##.......#...#### #...#
#.##.##......###.. #..#####
##.##.##...####..#*
,,,#..#≈≈≈≈*
#........###....@#∆,
#..#≈≈≈≈
.#.#...###..###.oz)#
*,#..'≈≈≈≈'
.#...###.##..####..#
{#.##≈≈≈≈
...###......#..#####,
,#.##≈≈≈≈ ,
.###.######.#...##
,,#..##### *
...))..)))).##..?##
#.##...#
.###)######.###...###
#.#....# ..#### , ..#
##....., #.#....#8, .#..###
##.###...######......#,


You could see a skeletal warrior and an orc warrior.

Vanquished Creatures
  Prince Ribbit (D:5)
  A slime creature (D:7)
  Sigmund (D:2)
  A shadow (D:7)
  A steam dragon (D:6)
  A vampire mosquito (D:7)
  2 black bears
  2 ice beasts (D:5)
  2 sky beasts (D:7)
  An orc warrior (D:7)
  An ogre (D:5)
  3 centaurs
  3 phantoms
  3 kobold brigands
  2 bullfrogs
  4 scorpions
  4 necrophages (D:7)
  6 wights
  2 howler monkeys
  4 hounds
  A jelly (D:6)
  3 orc priests (D:4)
  6 iguanas
  2 gnoll shamans
  7 gnolls
  4 adders
  A shadow imp (D:7)
  A white imp (D:7)
  2 ufetubi
  A worm (D:3)
  3 dart slugs
  16 orcs
  11 ball pythons
  12 bats
  8 endoplasms
  A giant cockroach (D:1)
  9 goblins
  2 hobgoblins
  3 jackals (D:3)
  2 quokkas
  3 frilled lizards
  17 kobolds
  5 rats
165 creatures vanquished.

Notes
Turn   | Place    | Note
-------+----------+-------------------------------------------
     0 | D:1      | Colgate the Kobold Brigand began the quest for the Orb.
     0 | D:1      | Reached XP level 1. HP: 12/12 MP: 1/1
    94 | D:1      | Reached XP level 2. HP: 13/17 MP: 2/2
   541 | D:1      | Reached XP level 3. HP: 21/21 MP: 3/3
  1228 | D:2      | Reached skill level 5 in Short Blades
  1405 | D:2      | Reached XP level 4. HP: 26/26 MP: 4/4
  1459 | D:2      | Noticed Sigmund
  1461 | D:2      | Killed Sigmund
  1462 | D:2      | Reached XP level 5. HP: 30/30 MP: 5/5
  1462 | D:2      | Reached XP level 6. HP: 35/35 MP: 6/6
  3083 | D:4      | Noticed a black bear
  3085 | D:4      | Killed a black bear
  3086 | D:4      | Reached XP level 7. HP: 40/40 MP: 7/7
  3474 | D:4      | Reached skill level 10 in Short Blades
  3894 | D:4      | Found a broken altar of Ashenzari.
  3925 | D:4      | Reached skill level 3 in Fighting
  3990 | D:4      | Became a worshipper of Ashenzari the Shackled
  4250 | D:5      | Entered Level 5 of the Dungeon
  4250 | D:5      | Noticed Prince Ribbit
  4253 | D:5      | Killed Prince Ribbit
  4254 | D:5      | Reached XP level 8. HP: 46/46 MP: 8/8
  4406 | D:5      | Reached skill level 4 in Fighting
  4464 | D:5      | Reached skill level 5 in Fighting
  4762 | D:5      | Reached XP level 9. HP: 54/54 MP: 9/9
  4767 | D:5      | Reached skill level 5 in Dodging
  5127 | D:5      | Reached skill level 6 in Fighting
  5493 | D:5      | Found a glowing golden altar of the Shining One.
  5920 | D:6      | Reached * piety under Ashenzari
  5973 | D:6      | Reached skill level 7 in Fighting
  6418 | D:6      | Reached skill level 8 in Fighting
  6744 | D:6      | Reached skill level 9 in Fighting
  7278 | D:7      | Reached ** piety under Ashenzari
  7308 | D:7      | Found a runed translucent gate.
  7309 | D:7      | Found a runed translucent gate.
  7310 | D:7      | Found a runed translucent gate.
  7310 | D:7      | Noticed Zero's ghost (novice TrFi)
  7477 | D:7      | Identified the +7 spear "Faonocvo" {protect, rPois Stlth+}
  7558 | D:7      | Reached XP level 10. HP: 68/68 MP: 10/10
  7760 | D:7      | Reached skill level 10 in Fighting
  8070 | D:7      | Reached skill level 11 in Fighting
  8224 | D:7      | Found a bloodstained altar of Trog.
  8390 | D:7      | Noticed a skeletal warrior
  8404 | D:7      | HP: 5/109 [skeletal warrior/+2 vorpal mace (6)]
  8406 | D:7      | Mangled by a skeletal warrior

Illustrated notes

Levels and vault maps discovered:
D:1:      elethiomel_arrival_infinity_welcomes_careful_drivers, layout_rooms
D:2:      layout_loops_corners, grunt_ministairs_9, minmay_tree_intersection,
          uniq_sigmund
D:3:      layout_loops_ring
D:4:      layout_basic, nicolae_ashenzari_skybound
D:5:      minmay_inner_zag, layout_basic, lemuel_doored_altar, hex_tiny,
          minmay_misc_feat_iff, uniq_prince_ribbit1
D:6:      layout_basic
D:7:      minmay_the_grid_triangle_9x9_rhombus_thin
          [minmay_the_grid_triangle_9x9_sprig,
          minmay_the_grid_triangle_9x9_prize_schism,
          minmay_the_grid_triangle_9x9_sparse_checkered,
          minmay_the_grid_triangle_9x9_from_above], layout_loops_cross,
          chequers_temple_overflow_minitemple, mainiacjoe_overflow_24_doors,
          lemuel_temple_firewalk_b, biasface_ghost_orc_armoury, serial_rivers,
          chequers_serial_rivers_micro_a, chequers_serial_rivers_room_b,
          chequers_serial_rivers_micro_b, chequers_serial_rivers_large_a,
          chequers_serial_rivers_room_b, chequers_serial_rivers_micro_b

Skill      XL: |  1  2  3  4  5  6  7  8  9 10 |
---------------+-------------------------------+-----
Short Blades   | 3 4 5 7 9 10 | 10.3
Fighting       | 3 5 9 11 | 11.8
Stealth        | 7 |  7.4
Dodging        | 4 6 |  6.1
Throwing       | |  2.1

Action                   |  1- 3 |  4- 6 |  7- 9 | 10-12 || total
-------------------------+-------+-------+-------+-------++-------
Melee: Dagger            |    57 |    49 |   246 |    87 ||   439
       Punch             |     1 |       |       |       ||     1
       Short sword       |       |       |       |    62 ||    62
Invok: Curse Item        |       |       |     3 |     1 ||     4
Evoke: Wand              |       |       |     1 |       ||     1
 Stab: Sleeping          |    19 |    23 |    25 |     2 ||    69
       Distracted        |       |       |     2 |       ||     2
Armor: Robe              |     4 |       |       |       ||     4
       Ring mail         |     5 |     5 |    27 |    20 ||    57
Dodge: Dodged            |    16 |     9 |    79 |    66 ||   170

Table legend: (Time is in decaauts)
 A = Elapsed time spent in this place.
 B = Non-inter-level travel time spent in this place.
 C = Inter-level travel time spent in this place.
 D = Time resting spent in this place.
 E = Time spent auto-exploring this place.
 F = Levels seen in this place.
 G = Mean time per level.
                   A        B        C        D        E       F      G
               +--------+--------+--------+--------+--------+-----+--------+
         Total |   8598 |   8364 |    234 |   1434 |   5823 |   7 | 1228.3 |
       Dungeon |   8598 |   8364 |    234 |   1434 |   5823 |   7 | 1228.3 |
               +--------+--------+--------+--------+--------+-----+--------+

Top non-repeatable levels by time:
     D:6: 1775 daAuts
     D:2: 1353 daAuts
     D:5: 1316 daAuts
     D:4: 1269 daAuts
     D:7: 1147 daAuts
     D:3: 892 daAuts
     D:1: 843 daAuts
